 Dungeon Crawl Stone Soup version 0.29.1-14-g9c671dbff4 (webtiles) character file.

Game seed: 5278752776136873325

3006 shmup the Grappler (level 9, -3/71 (72) HPs)
             Began as a Yellow Draconian Transmuter on Feb 11, 2023.
             Slain by an orc warrior
             ... wielding a +0 mace
              (11 damage)
             ... on level 8 of the Dungeon on Feb 18, 2023.
             The game lasted 00:55:08 (10339 turns).

shmup the Grappler (Yellow Draconian Transmuter)   Turns: 10339, Time: 00:55:08

HP:   -3/71 (72)    AC: 13    Str: 13    XL:     9   Next: 54%
MP:   12/12         EV: 12    Int: 17    God:
Gold: 468           SH:  5    Dex: 12    Spells: 2/12 levels left

rFire   . . .      SeeInvis .     - Unarmed
rCold   . . .      Faith    .   (no shield)
rNeg    . . .      Spirit   .   (body armour unavailable)
rPois   .          Reflect  +   (helmet currently unavailable)
rElec   .          Harm     .   G - +0 cloak
rCorr   +          Rampage  .   H - +0 pair of gloves
Will    .....                   (boots currently unavailable)
Stlth   +.........              i - amulet of reflection
HPRegen 0.21/turn               d - +4 ring of protection
MPRegen 0.13/turn               K - ring of wizardry

@: appendages, hasted, lightly drained, very quick
A: horns 2, talons 2, spit acid, AC +7, unfitting armour, cold-blooded, acid
resistance
a: Breathe Acid, End Transformation


You were on level 8 of the Dungeon.
You had temporarily grown beastly horns and talons.
You visited 1 branch of the dungeon, and saw 8 of its levels.
You also visited: Sewer.

You collected 960 gold pieces.
You spent 492 gold pieces at shops.

Inventory:

Hand Weapons
 x - a +0 sling of venom
 M - the +0 dagger "Visoggoy" {venom, rElec Str-2 Dex+6}
   (You found it on level 8 of the Dungeon)

   It poisons the flesh of those it strikes.
   Str:       It affects your strength (-2).
   Dex:       It affects your dexterity (+6).
   rElec:     It insulates you from electricity.
Missiles
 f - 41 stones (quivered)
 r - 17 poisoned darts
 F - a throwing net
 I - 6 boomerangs
Armour
 G - a +0 cloak (worn)
 H - a +0 pair of gloves (worn)
Magical Staves
 j - a staff of air
 E - a staff of fire
Jewellery
 d - a +4 ring of protection (left hand)
 i - an amulet of reflection (around neck)
 v - an amulet of magic regeneration
 K - a ring of wizardry (right hand)
Wands
 g - a wand of flame (18)
 u - a wand of iceblast (9)
 L - a wand of charming (10)
Scrolls
 e - a scroll of teleportation
 m - a scroll of summoning {unknown}
 n - 3 scrolls of butterflies
 p - 2 scrolls of brand weapon
 q - a scroll of blinking
 w - a scroll of noise {unknown}
 y - a scroll of vulnerability
 B - 2 scrolls of immolation
 C - a scroll of poison {unknown}
 D - 3 scrolls of magic mapping
 J - a scroll of silence {unknown}
 N - a scroll of enchant armour
Potions
 a - 2 potions of lignification
 b - 2 potions of mutation
 c - 4 potions of curing
 h - a potion of haste
 k - a potion of magic
 l - a potion of attraction
 o - a potion of invisibility
 s - 2 potions of resistance
 t - 4 potions of cancellation
 A - a potion of degeneration
 O - a potion of brilliance {unknown}


   Skills:
 * Level 4.4 Fighting
 - Level 2.5 Dodging
 + Level 1.4 Shields
 - Level 10.0 Unarmed Combat
 - Level 2.0 Spellcasting
 * Level 1.8 Hexes
 + Level 2.7 Summonings
 + Level 7.1 Transmutations
 - Level 1.0 Poison Magic
 + Level 0.7 Evocations


You had 2 spell levels left.
You knew the following spells:

 Your Spells              Type           Power      Damage    Failure   Level
a - Beastly Appendage     Tmut           50%        N/A       1%          1
b - Wereblood             Tmut           25%        N/A       1%          2
c - Spider Form           Tmut/Pois      15%        N/A       4%          3
d - Summon Small Mammal   Summ           44%        N/A       2%          1
e - Summon Guardian Gole  Hex/Summ       9%         N/A       9%          3

Your spell library contained the following spells:

 Spells                   Type           Power      Damage    Failure   Level
 Call Canine Familiar     Summ           11%        N/A       8%          3
 Ice Form                 Ice/Tmut       13%        N/A       17%         4
 Gell's Gravitas          Tloc           1%         N/A       22%         3
 Lesser Beckoning         Tloc           1%         N/A       22%         3
 Ozocubu's Armour         Ice            1%         N/A       22%         3
 Teleport Other           Tloc           1%         N/A       22%         3
 Leda's Liquefaction      Hex/Erth       2%         N/A       45%         4
 Summon Mana Viper        Hex/Summ       9%         N/A       61%         5
 Fireball                 Conj/Fire      0%         3d3       88%         5
 Starburst                Conj/Fire      0%         6d3       100%        6
 Enfeeble                 Hex            4%         N/A       100%        7
 Orb of Destruction       Conj           0%         9d5       100%        7
 Ozocubu's Refrigeration  Ice            0%         4d7       100%        7
 Spellforged Servitor     Conj/Summ      3%         N/A       100%        7
 Ignition                 Fire           0%         3d3       100%        8


Dungeon Overview and Level Annotations

Branches:
Dungeon (8/15)              Sewer (visited)
 Temple: D:4-7         Lair: D:8-11

Altars:
Gozag
Makhleb
Sif Muna
Vehumet
Xom

Annotations:
D:3 exclusion: downstairs
D:4 Sigmund
D:6 beez, exclusion: downstairs
D:7 exclusion: 2 downstairs


Innate Abilities, Weirdness & Mutations

You have temporarily grown beastly horns and talons.
You can spit globs of acid.
Your golden yellow scales are hard. (AC +7)
You cannot fit into any form of body armour.
You are cold-blooded and may be slowed by cold attacks.
You are resistant to acid. (rCorr)


Message History

You claw the orc warrior, but do no damage.
You headbutt the orc warrior, but do no damage.
The orc warrior is severely wounded.
The orc warrior barely misses you.
You hit the orc warrior but do no damage.
Your kick misses the orc warrior. Your headbutt misses the orc warrior.
The orc warrior is severely wounded.
You closely miss the orc warrior.
Your tail-slap misses the orc warrior.
The orc warrior is severely wounded.
The orc warrior hits you with a +0 mace!
* * * LOW HITPOINT WARNING * * *
You hit the orc warrior but do no damage.
You claw the orc warrior, but do no damage.
Your headbutt misses the orc warrior.
You tail-slap the orc warrior, but do no damage.
The orc warrior is severely wounded.
The orc warrior hits you with a +0 mace!
* * * LOW HITPOINT WARNING * * *
You closely miss the orc warrior. Your kick misses the orc warrior.
You tail-slap the orc warrior, but do no damage.
The orc warrior is severely wounded.
The orc warrior hits you with a +0 mace!
* * * LOW HITPOINT WARNING * * *
You feel yourself speed up.
The orc warrior hits you with a +0 mace.
* * * LOW HITPOINT WARNING * * *
You hit the orc warrior but do no damage.
Your kick misses the orc warrior.
Your tail-slap misses the orc warrior.
The orc warrior is severely wounded.
You barely miss the orc warrior.
You claw the orc warrior, but do no damage.
The orc warrior is severely wounded.
The orc warrior hits you with a +0 mace.
* * * LOW HITPOINT WARNING * * *
You hit the orc warrior but do no damage.
You claw the orc warrior, but do no damage.
Your tail-slap misses the orc warrior.
The orc warrior is severely wounded.
The orc warrior hits you with a +0 mace!
You die...

▒ ▒.▒.▒
▒▒▒▒▒▒▒.▒▒ ▒
▒.▒..
.........▒ ▒
▒.▒.▒
▒▒▒▒▒▒▒..▒ ▒
▒.▒ ▒..▒ ▒.
▒..▒ ▒..▒
▒..▒
▒▒▒▒▒▒▒▒▒▒..▒
.......do().▒
▒▒▒▒▒▒▒▒▒▒..▒
..........▒
▒▒▒▒▒▒▒▒▒.▒
▒.▒ ▒.▒ ▒.▒
▒.▒ ▒.▒


You could see an orc warrior.

Vanquished Creatures
  Maggie (D:7)
  Prince Ribbit (D:8)
  A warg (D:8)
  A sky beast (D:6)
  2 black bears
  2 ice beasts
  A centaur (D:6)
  A phantom (D:5)
  2 kobold brigands
  A necrophage (D:6)
  7 scorpions
  2 wights (D:8)
  5 killer bees
  A crimson imp (D:5)
  4 orc priests
  5 hounds
  Jessica (D:2)
  An iguana (D:6)
  5 orc wizards
  13 adders
  6 gnolls (D:6)
  7 river rats
  A white imp (D:7)
  A worm (D:2)
  2 dart slugs (D:4)
  29 orcs
  10 ball pythons
  8 bats
  10 endoplasms
  6 giant cockroaches
  7 goblins
  3 hobgoblins
  7 jackals
  5 quokkas
  6 frilled lizards
  15 kobolds
  7 rats
187 creatures vanquished.

Vanquished Creatures (others)
  6 plants
6 creatures vanquished.

Grand Total: 193 creatures vanquished

Notes
Turn   | Place    | Note
-------+----------+-------------------------------------------
     0 | D:1      | shmup the Draconian Transmuter began the quest for the Orb.
     0 | D:1      | Reached XP level 1. HP: 16/16 MP: 3/3
   220 | D:1      | Reached XP level 2. HP: 4/23 MP: 5/5
   676 | D:1      | Reached skill level 4 in Unarmed Combat
   801 | D:1      | Reached XP level 3. HP: 25/28 MP: 4/6
  2245 | D:2      | Noticed Jessica
  2254 | D:2      | Killed Jessica
  2255 | D:2      | Reached skill level 5 in Unarmed Combat
  2255 | D:2      | Reached XP level 4. HP: 18/35 MP: 5/7
  2850 | D:3      | Found a glowing drain.
  2927 | Sewer    | Entered a sewer
  3384 | Sewer    | Reached XP level 5. HP: 40/40 MP: 6/8
  3568 | Sewer    | Reached skill level 6 in Unarmed Combat
  4517 | D:3      | Found a faded altar of an unknown god.
  4932 | D:4      | Reached XP level 6. HP: 41/47 MP: 9/9
  5236 | D:4      | Reached skill level 7 in Unarmed Combat
  5318 | D:4      | Noticed Sigmund
  5363 | D:5      | Entered Level 5 of the Dungeon
  5652 | D:5      | Got the Papyrus of Bewitchment
  5799 | D:5      | Reached skill level 8 in Unarmed Combat
  5799 | D:5      | Your scales start taking on a golden yellow colour.
  5799 | D:5      | Reached XP level 7. HP: 52/52 MP: 10/10
  5799 | D:5      | Gained mutation: You are resistant to acid. (rCorr) [Yellow
                  | Draconian growth]
  6083 | D:5      | Found a radiant altar of Vehumet.
  6089 | D:5      | Found a burning altar of Makhleb.
  6347 | D:6      | Reached skill level 9 in Unarmed Combat
  6366 | D:6      | Found a large runed translucent door.
  6367 | D:6      | Found a large runed translucent door.
  6384 | D:6      | Found an opulent altar of Gozag.
  6654 | D:6      | Reached XP level 8. HP: 56/59 MP: 9/11
  6692 | D:6      | Reached skill level 10 in Unarmed Combat
  7070 | D:6      | Found a shimmering blue altar of Sif Muna.
  7105 | D:6      | Reached skill level 5 in Transmutations
  7789 | D:6      | Upgraded the game from 0.29.1-13-g9f3cf754e1 to
                  | 0.29.1-14-g9c671dbff4
  7811 | D:7      | Learned a level 2 spell: Wereblood
  7814 | D:7      | Noticed Maggie
  7883 | D:7      | Learned a level 3 spell: Spider Form
  7934 | D:7      | Found a shimmering altar of Xom.
  8020 | D:6      | Reached skill level 1 in Poison Magic
  8685 | D:7      | Reached XP level 9. HP: 71/71 MP: 12/12
  8704 | D:7      | Learned a level 1 spell: Summon Small Mammal
  8877 | D:7      | Reached skill level 1 in Summonings
  9167 | D:7      | Killed Maggie
  9339 | D:6      | Learned a level 3 spell: Summon Guardian Golem
  9691 | D:8      | Identified the +0 dagger "Visoggoy" {venom, rElec Str-2
                  | Dex+6}
  9780 | D:8      | Found Fuynybb's Magic Scroll Shoppe.
  9786 | D:8      | Bought a scroll of identify for 26 gold pieces
  9786 | D:8      | Bought a scroll of identify for 26 gold pieces
  9786 | D:8      | Bought a scroll of identify for 26 gold pieces
  9786 | D:8      | Bought a scroll of identify for 26 gold pieces
  9789 | D:8      | Identified a scroll of acquirement
  9802 | D:8      | Acquired 675 gold pieces
  9822 | D:8      | Bought a scroll of blinking for 97 gold pieces
  9822 | D:8      | Bought a scroll of magic mapping for 97 gold pieces
  9822 | D:8      | Bought a scroll of enchant armour for 97 gold pieces
  9822 | D:8      | Bought a scroll of magic mapping for 97 gold pieces
  9877 | D:8      | Noticed Prince Ribbit
  9894 | D:8      | Killed Prince Ribbit
  9895 | D:8      | Reached skill level 1 in Hexes
  9910 | D:8      | Reached skill level 1 in Shields
 10175 | D:8      | Noticed a two-headed ogre
 10339 | D:8      | Slain by an orc warrior

Illustrated notes

Levels and vault maps discovered:
D:1:      dpeg_arrival_brainrot, layout_loops_ring
D:2:      layout_basic, kennysheep_jessica_study
D:3:      layout_loops_corners, portal_sewer_entry_e,
          shapermc_ecumenical_altar_mp_vishouse
D:4:      layout_rooms, temple_statues, serial_rivers,
          chequers_serial_rivers_micro_e, chequers_serial_rivers_micro_b,
          chequers_serial_rivers_micro_e, chequers_serial_rivers_small_3,
          chequers_serial_rivers_micro_c, minmay_misc_feat_four_crosses,
          uniq_sigmund
D:5:      layout_cave_pools, grunt_temple_overflow_lords_of_destruction,
          nicolae_figureground_sparkle
D:6:      layout_loops_corners, mainiacjoe_overflow_six_doors_small,
          mainiacjoe_overflow_tiny_flanked, jmf_multi_god_temple2
D:7:      layout_basic, xom_teletrap_fun, enter_bailey_2, uniq_maggie
D:8:      layout_basic, erik_lair_orcish_takeover, serial_shops,
          nicolae_square_shop, uniq_prince_ribbit1, uniq_erica

Skill      XL: |  1  2  3  4  5  6  7  8  9 |
---------------+----------------------------+-----
Unarmed Combat | 4 5 6 8 9 10 | 10.0
Transmutations | 5 7 |  7.1
Fighting       | 3 4 |  4.4
Dodging        | 2 |  2.5
Poison Magic   | 1 |  1.0
Summonings     | 2 |  2.7
Hexes          | 1 |  1.8
Shields        | 1 |  1.4
Spellcasting   | |  2.0
Evocations     | |  0.7

Action                   |  1- 3 |  4- 6 |  7- 9 || total
-------------------------+-------+-------+-------++-------
Melee: Unarmed           |   124 |   262 |   275 ||   661
       Tailslap          |    10 |    28 |    31 ||    69
       Kick              |    11 |    27 |    63 ||   101
       Punch             |     4 |     8 |    13 ||    25
       Headbutt          |     5 |    28 |    47 ||    80
Throw: Dart              |       |     3 |     9 ||    12
       Stone             |       |       |     1 ||     1
       Throwing net      |       |       |     1 ||     1
 Cast: Beastly Appendage |    10 |    34 |    35 ||    79
       Spider Form       |       |       |     3 ||     3
Evoke: Wand              |       |     4 |     7 ||    11
  Use: Scroll            |       |     5 |    14 ||    19
       Potion            |       |       |     4 ||     4
 Stab: Sleeping          |     1 |     1 |       ||     2
Armor: Skin              |    40 |    92 |    85 ||   217
Dodge: Dodged            |    80 |   134 |   113 ||   327
Block: Other             |       |       |    40 ||    40
       Reflection        |       |       |     3 ||     3
